 Dungeon Crawl Stone Soup version 0.28-a0-533-g9f97627e2a (webtiles) character file.

Game seed: 17333141551126059105

233 freelancePsychic the Conjurer (level 5, -2/38 HPs)
             Began as a Demigod Conjurer on Sept 26, 2021.
             Slain by a phantom (9 damage)
             ... on level 4 of the Dungeon.
             The game lasted 00:10:01 (4288 turns).

freelancePsychic the Conjurer (Demigod Conjurer)    Turns: 4288, Time: 00:10:01

Health: -2/38      AC:  2    Str:  8    XL:     5   Next: 46%
Magic:  3/11       EV: 12    Int: 24    God:
Gold:   137        SH:  0    Dex: 12    Spells: 6/9 levels left

rFire   . . .      SeeInvis .   d - +0 dagger
rCold   . . .      Faith    .   (no shield)
rNeg    . . .      Spirit   .   a - +0 robe
rPois   .          Reflect  .   (no helmet)
rElec   .          Harm     .   (no cloak)
rCorr   .          Rampage  .   (no gloves)
Will    .....                   (no boots)
Stlth   ++........              (no amulet)
HPRegen 0.12/turn               (no ring)
MPRegen 0.12/turn               (no ring)

@: no status effects
A: high mp 1, forlorn
a: no special abilities


You were on level 4 of the Dungeon.
You visited 1 branch of the dungeon, and saw 4 of its levels.
You also visited: Sewer.

You collected 137 gold pieces.

Inventory:

Hand Weapons
 d - a +0 dagger (weapon)
Missiles
 c - 3 curare-tipped darts
Armour
 a - a +0 robe (worn)
Jewellery
 e - a ring of fire
Scrolls
 g - a scroll of enchant weapon
 j - a scroll of teleportation {@r4}
Potions
 b - 2 potions of flight
 h - 3 potions of heal wounds {@q2}
 i - a potion of curing {unknown}


   Skills:
 - Level 1.7 Dodging
 - Level 1.7 Stealth
 - Level 2.5 Spellcasting
 + Level 5.1 Conjurations
 + Level 3.0 Hexes


You had 6 spell levels left.
You knew the following spells:

 Your Spells              Type           Power      Damage    Failure   Level
a - Magic Dart            Conj           100%       1d8       1%          1
b - Searing Ray           Conj           54%        2d6       1%          2

Your spell library contained the following spells:

 Spells                   Type           Power      Damage    Failure   Level
 Dazzling Flash           Conj/Hex       44%        N/A       6%          3
 Animate Skeleton         Necr           6%         N/A       12%         1
 Pain                     Necr           12%        1d4       12%         1
 Fulminant Prism          Conj/Hex       11%        3d9       22%         4
 Vampiric Draining        Necr           1%         2d6       34%         3
 Iskenderun's Mystic Bla  Conj/Tloc      15%        2d5       36%         4


Dungeon Overview and Level Annotations

Branches:
Dungeon (4/15)              Sewer (visited)
 Temple: D:4-7

Annotations:
D:3 3 runed translucent doors, krigyl's ghost, weakling HuWr


Innate Abilities, Weirdness & Mutations

Your attributes grow dramatically as you level up.
You have an increased reservoir of magic. (+10% MP)
You shall have no god before yourself.


Message History

The searing ray hits the phantom.
The phantom is moderately damaged.
The searing ray hits the orc!
You kill the orc! (Press . to maintain the ray.)
The phantom hits you.
The phantom blinks!
You blink.
Your Hexes skill increases to level 3!
You see here a +2 spear of freezing.
Casting: Searing Ray (safe; 1% risk of failure)
Confirm with . or Enter, or press ? or * to list all spells.
Aiming: Searing Ray (safe; 1% risk of failure)
Press: ? - help, Shift-Dir - straight line, f/p - phantom
Aim: a phantom (71% to hit)
The searing ray hits the phantom.
The phantom is lightly damaged. (Press . to maintain the ray.)
The phantom misses you.
The searing ray hits the phantom!
The phantom is heavily damaged.
The phantom hits you.
The searing ray misses the phantom.
The phantom hits you but does no damage.
The searing ray hits the phantom.
The phantom is severely damaged.
You finish channelling your searing ray.
The phantom hits you!
* * * LOW HITPOINT WARNING * * *
Casting: Searing Ray (safe; 1% risk of failure)
Confirm with . or Enter, or press ? or * to list all spells.
Aiming: Searing Ray (safe; 1% risk of failure)
Press: ? - help, Shift-Dir - straight line, f/p - phantom
Aim: a phantom (severely damaged, 71% to hit)
The searing ray hits the phantom!
The phantom is almost destroyed. (Press . to maintain the ray.)
The phantom hits you.
* * * LOW HITPOINT WARNING * * *
The phantom blinks!
You blink.
The phantom hits you!
You die...

########################
#....ยง.@W...............
##.#####################
#.......#
#################.#######
...........>.............
###########..............
# #.###.#.####### # #.#
#.#.# # #####.###+#.#


You could see a phantom.

Vanquished Creatures
  A kobold brigand (Sewer)
  5 river rats
  3 adders
  An adder skeleton (D:4)
  3 worms (D:2)
  3 dart slugs
  An orc (D:4)
  8 endoplasms
  3 giant cockroaches
  3 goblins
  9 hobgoblins
  10 jackals
  A quokka (D:1)
  9 ball pythons
  A bat (D:2)
  6 kobolds
  8 rats
75 creatures vanquished.

Vanquished Creatures (others)
  5 plants (D:2)
5 creatures vanquished.

Grand Total: 80 creatures vanquished

Notes
Turn   | Place    | Note
-------+----------+-------------------------------------------
     0 | D:1      | freelancePsychic the Demigod Conjurer began the quest for
                  | the Orb.
     0 | D:1      | Reached XP level 1. HP: 14/14 MP: 5/5
   406 | D:1      | Reached XP level 2. HP: 20/20 MP: 2/7
   466 | D:1      | Learned a level 2 spell: Searing Ray
   772 | D:1      | Reached skill level 4 in Conjurations
  1350 | D:1      | Reached XP level 3. HP: 22/26 MP: 1/9
  1644 | D:2      | Reached skill level 1 in Hexes
  2682 | D:3      | Reached XP level 4. HP: 33/33 MP: 5/10
  2727 | D:3      | Found a runed translucent gate.
  2727 | D:3      | Found a runed translucent gate.
  2730 | D:3      | Found a runed translucent gate.
  2731 | D:3      | Identified the +4 chain mail "Isolugro" {rF+}
  2731 | D:3      | Noticed krigyl's ghost (weakling HuWr)
  3122 | D:3      | Found a glowing drain.
  3147 | Sewer    | Entered a sewer
  3469 | Sewer    | Noticed a kobold brigand
  3489 | Sewer    | Killed a kobold brigand
  3490 | Sewer    | Reached skill level 5 in Conjurations
  3490 | Sewer    | Reached XP level 5. HP: 38/38 MP: 3/11
  4288 | D:4      | Slain by a phantom

Illustrated notes

Levels and vault maps discovered:
D:1:      eino_arrival_cavern_a, layout_basic,
          shapermc_ecumenical_altar_totnotflames, feat_on_display
D:2:      cheibrodos_old_hovel, layout_loops_cross
D:3:      layout_loops_ring, portal_sewer_entry_b, biasface_ghost_orc_armoury,
          dk_noncrumbling_3, minmay_misc_feat_alley
D:4:      layout_basic, palyth_temple_overflow_mages, minmay_temple_entry_glass

Skill      XL: |  1  2  3  4  5 |
---------------+----------------+-----
Spellcasting   | 2 |  2.5
Conjurations   | 4 5 |  5.1
Hexes          | 1 2 3 |  3.0
Dodging        | |  1.7
Stealth        | |  1.7

Action                   |  1- 3 |  4- 6 || total
-------------------------+-------+-------++-------
Melee: Dagger            |     1 |    45 ||    46
 Cast: Magic Dart        |    21 |       ||    21
       Searing Ray       |    35 |    21 ||    56
  Use: Scroll            |     3 |     2 ||     5
       Potion            |       |     2 ||     2
 Stab: Sleeping          |       |     1 ||     1
Armor: Robe              |     5 |     9 ||    14
       Skin              |       |    16 ||    16
Dodge: Dodged            |    15 |    23 ||    38

Table legend: (Time is in decaauts)
 A = Elapsed time spent in this place.
 B = Non-inter-level travel time spent in this place.
 C = Inter-level travel time spent in this place.
 D = Time resting spent in this place.
 E = Time spent auto-exploring this place.
 F = Levels seen in this place.
 G = Mean time per level.
                   A        B        C        D        E       F      G
               +--------+--------+--------+--------+--------+-----+--------+
         Total |   4319 |   4155 |    164 |    338 |   3060 |   5 |  863.8 |
       Dungeon |   3775 |   3611 |    164 |     88 |   2855 |   4 |  943.8 |
         Sewer |    543 |    543 |      0 |    250 |    205 |   1 |  543.0 |
               +--------+--------+--------+--------+--------+-----+--------+

Top non-repeatable levels by time:
     D:1: 1412 daAuts
     D:2: 1190 daAuts
     D:3: 860 daAuts
   Sewer: 543 daAuts
     D:4: 311 daAuts
